[ AOE2 MATCH · #504689841 ]
UnrankedPoles vs Bulgarians
Player's team · WIN
[ REPLAY ANALYSIS · EXTRACTED FROM THE RECORDED GAME ]
Feudal
10:07
Castle
25:35
Imperial
—
| APM avg | 59.2 |
| APM peak | 86 |
| eAPM avg | 28.5 |
| Villagers / military | 128 / 78 |
Focus
⚔️ 43.6% · 🌾 56.4%
Scout Cavalry ×39 · Archer ×16 · Cavalry Archer ×15 · Knight ×4 · Militia ×3 · Spearman ×1
Feudal
9:27
Castle
22:22
Imperial
—
| APM avg | 61.3 |
| APM peak | 99 |
| eAPM avg | 25.3 |
| Villagers / military | 87 / 62 |
Focus
⚔️ 37.4% · 🌾 62.6%
Cavalry Archer ×43 · Spearman ×13 · Militia ×3 · Skirmisher ×3
Match map
Initial resources + every placement click. Lines = walls · curves = elevation contours. ◆ gold · ⬟ stone · ● berries · ✦ relic · ◌ wall gap
Your base· Open — opponent sealed themselves in
King of Puchi's base· ✓ Closed at 22:22 · 63t walls · no gate
Smoothed initial terrain · ◌ = detected wall gap · hover for details
Inputs per minute
— adjectivenoun - - King of Puchi
Build order — adjectivenoun
First 150 of 350 actions detected
| 0:00 | Queue | Villager (Male) |
| 0:00 | Queue | Villager (Male) |
| 0:02 | Build | House |
| 0:03 | Build | House |
| 0:07 | Queue | Villager (Male) |
| 0:10 | Queue | Villager (Male) |
| 1:28 | Queue | Villager (Male) |
| 1:31 | Build | Lumber Camp |
| 2:01 | Queue | Villager (Male) |
| 2:25 | Queue | Villager (Male) |
| 2:42 | Queue | Villager (Male) |
| 3:22 | Queue | Villager (Male) |
| 3:33 | Queue | Villager (Male) |
| 3:49 | Build | House |
| 4:06 | Queue | Villager (Male) |
| 4:07 | Queue | Villager (Male) |
| 4:42 | Build | Barracks |
| 4:55 | Queue | Villager (Male) |
| 5:03 | Build | House |
| 5:19 | Queue | Villager (Male) |
| 5:19 | Queue | Villager (Male) |
| 5:31 | Queue | Villager (Male) |
| 5:31 | Queue | Villager (Male) |
| 5:42 | Queue | Militia |
| 5:42 | Queue | Militia |
| 5:46 | Queue | Villager (Male) |
| 6:10 | Build | House |
| 6:13 | Queue | Villager (Male) |
| 6:16 | Queue | Militia |
| 6:37 | Queue | Villager (Male) |
| 6:59 | Research | Loom |
| 7:03 | Queue | Villager (Male) |
| 7:29 | Research | Loom |
| 7:32 | Build | Mill |
| 7:48 | Research | Feudal Age |
| 8:17 | Queue | Villager (Male) |
| 10:07 | Age | Feudal Age |
| 10:13 | Build | Stable |
| 10:18 | Research | Double-Bit Axe |
| 10:19 | Research | Horse Collar |
| 10:29 | Queue | Villager (Male) |
| 10:32 | Build | Farm |
| 10:34 | Build | Farm |
| 10:36 | Build | Farm |
| 10:49 | Queue | Villager (Male) |
| 10:54 | Build | House |
| 11:08 | Queue | Scout Cavalry |
| 11:10 | Queue | Spearman |
| 11:12 | Queue | Scout Cavalry |
| 11:21 | Build | House |
| 11:21 | Queue | Villager (Male) |
| 11:23 | Build | House |
| 11:24 | Queue | Villager (Male) |
| 11:31 | Queue | Scout Cavalry |
| 11:37 | Build | Archery Range |
| 11:39 | Build | Palisade Wall |
| 11:40 | Build | Palisade Wall |
| 11:41 | Build | Palisade Wall |
| 11:48 | Queue | Scout Cavalry |
| 11:58 | Build | House |
| 11:59 | Build | Palisade Wall |
| 12:08 | Build | House |
| 12:21 | Queue | Villager (Male) |
| 12:21 | Queue | Villager (Male) |
| 12:42 | Build | Farm |
| 12:47 | Build | House |
| 13:03 | Queue | Villager (Male) |
| 13:30 | Build | Mill |
| 13:35 | Queue | Villager (Male) |
| 13:35 | Queue | Villager (Male) |
| 13:36 | Queue | Archer |
| 13:38 | Build | Mining Camp |
| 13:48 | Build | Farm |
| 13:48 | Build | Farm |
| 13:48 | Build | Farm |
| 13:49 | Build | Farm |
| 14:00 | Queue | Villager (Male) |
| 14:05 | Queue | Archer |
| 14:09 | Queue | Villager (Male) |
| 14:11 | Build | Palisade Wall |
| 14:12 | Build | Palisade Wall |
| 14:21 | Build | House |
| 14:22 | Build | House |
| 14:27 | Build | House |
| 14:44 | Queue | Villager (Male) |
| 14:48 | Build | House |
| 14:52 | Queue | Villager (Male) |
| 14:56 | Build | Farm |
| 15:10 | Build | Farm |
| 15:11 | Queue | Villager (Male) |
| 15:14 | Build | Farm |
| 15:25 | Queue | Villager (Male) |
| 15:26 | Build | Farm |
| 15:26 | Build | Farm |
| 15:37 | Queue | Scout Cavalry |
| 15:44 | Build | House |
| 15:45 | Build | Palisade Wall |
| 15:54 | Build | House |
| 15:56 | Queue | Villager (Male) |
| 16:02 | Build | Palisade Wall |
| 16:07 | Queue | Archer |
| 16:08 | Queue | Villager (Male) |
| 16:14 | Build | Farm |
| 16:19 | Build | Farm |
| 16:22 | Build | Farm |
| 16:22 | Queue | Scout Cavalry |
| 16:33 | Queue | Villager (Male) |
| 16:34 | Queue | Archer |
| 16:39 | Build | Farm |
| 16:45 | Build | House |
| 16:52 | Queue | Villager (Male) |
| 16:56 | Queue | Villager (Male) |
| 17:04 | Queue | Villager (Male) |
| 17:07 | Queue | Archer |
| 17:17 | Queue | Villager (Male) |
| 17:20 | Build | Lumber Camp |
| 17:22 | Queue | Scout Cavalry |
| 17:25 | Queue | Villager (Male) |
| 17:34 | Queue | Villager (Male) |
| 17:45 | Queue | Archer |
| 17:56 | Queue | Villager (Male) |
| 18:06 | Build | Blacksmith |
| 18:27 | Queue | Villager (Male) |
| 18:31 | Research | Wheelbarrow |
| 18:43 | Build | House |
| 18:53 | Research | Fletching |
| 18:53 | Research | Fletching |
| 18:58 | Queue | Scout Cavalry |
| 18:59 | Queue | Archer |
| 19:06 | Build | Farm |
| 19:22 | Queue | Villager (Male) |
| 19:25 | Research | Forging |
| 19:25 | Research | Forging |
| 19:32 | Queue | Archer |
| 19:32 | Queue | Scout Cavalry |
| 19:35 | Research | Bloodlines |
| 19:35 | Research | Bloodlines |
| 19:49 | Queue | Villager (Male) |
| 20:06 | Queue | Villager (Male) |
| 20:11 | Build | House |
| 20:11 | Build | Palisade Wall |
| 20:14 | Queue | Villager (Male) |
| 20:23 | Queue | Villager (Male) |
| 20:25 | Queue | Villager (Male) |
| 20:30 | Queue | Scout Cavalry |
| 20:31 | Queue | Scout Cavalry |
| 20:36 | Build | Mill |
| 20:36 | Build | Farm |
| 20:37 | Build | Farm |
| 20:37 | Build | Farm |
Build order — King of Puchi
First 150 of 246 actions detected
| 0:01 | Queue | Villager (Male) |
| 0:01 | Queue | Villager (Male) |
| 0:01 | Queue | Villager (Male) |
| 0:02 | Queue | Villager (Male) |
| 0:03 | Build | House |
| 0:05 | Build | House |
| 1:24 | Queue | Villager (Male) |
| 1:54 | Build | Lumber Camp |
| 2:03 | Queue | Villager (Male) |
| 2:03 | Queue | Villager (Male) |
| 2:03 | Queue | Villager (Male) |
| 2:15 | Queue | Villager (Male) |
| 2:15 | Queue | Villager (Male) |
| 2:51 | Queue | Villager (Male) |
| 2:51 | Queue | Villager (Male) |
| 3:00 | Queue | Villager (Male) |
| 3:00 | Queue | Villager (Male) |
| 3:12 | Build | House |
| 3:14 | Build | House |
| 3:33 | Queue | Villager (Male) |
| 3:33 | Queue | Villager (Male) |
| 3:46 | Queue | Villager (Male) |
| 3:46 | Queue | Villager (Male) |
| 4:15 | Queue | Villager (Male) |
| 4:55 | Queue | Villager (Male) |
| 5:06 | Build | Mill |
| 5:28 | Queue | Villager (Male) |
| 5:28 | Queue | Villager (Male) |
| 5:35 | Queue | Villager (Male) |
| 5:56 | Queue | Villager (Male) |
| 6:18 | Queue | Villager (Male) |
| 6:34 | Build | Palisade Wall |
| 6:35 | Build | Palisade Wall |
| 7:17 | Research | Feudal Age |
| 7:17 | Research | Feudal Age |
| 7:29 | Build | Barracks |
| 7:40 | Research | Loom |
| 8:02 | Build | Palisade Wall |
| 8:26 | Build | Palisade Wall |
| 8:33 | Queue | Villager (Male) |
| 8:38 | Queue | Militia |
| 8:38 | Queue | Militia |
| 8:42 | Build | House |
| 8:55 | Queue | Villager (Male) |
| 9:03 | Build | House |
| 9:04 | Build | Palisade Wall |
| 9:05 | Build | Palisade Wall |
| 9:11 | Build | Palisade Wall |
| 9:17 | Queue | Villager (Male) |
| 9:21 | Build | House |
| 9:26 | Queue | Militia |
| 9:27 | Age | Feudal Age |
| 9:47 | Queue | Villager (Male) |
| 10:05 | Queue | Villager (Male) |
| 10:08 | Research | Loom |
| 10:15 | Research | Double-Bit Axe |
| 10:34 | Queue | Villager (Male) |
| 10:36 | Research | Horse Collar |
| 10:40 | Build | Farm |
| 10:41 | Build | Farm |
| 10:54 | Queue | Villager (Male) |
| 10:58 | Build | Farm |
| 10:58 | Build | Farm |
| 11:01 | Build | Farm |
| 11:03 | Build | Farm |
| 11:36 | Build | House |
| 11:38 | Build | Palisade Wall |
| 11:38 | Queue | Spearman |
| 11:42 | Queue | Villager (Male) |
| 11:47 | Build | Farm |
| 11:48 | Build | Farm |
| 11:59 | Build | Farm |
| 12:03 | Build | Palisade Wall |
| 12:06 | Build | Palisade Wall |
| 12:15 | Queue | Villager (Male) |
| 12:16 | Queue | Villager (Male) |
| 12:29 | Queue | Villager (Male) |
| 12:32 | Build | Farm |
| 12:35 | Build | Farm |
| 12:42 | Queue | Spearman |
| 12:57 | Queue | Villager (Male) |
| 13:01 | Build | Farm |
| 13:09 | Queue | Spearman |
| 13:29 | Queue | Villager (Male) |
| 13:45 | Queue | Villager (Male) |
| 13:49 | Build | House |
| 13:50 | Build | House |
| 14:15 | Queue | Villager (Male) |
| 14:30 | Queue | Villager (Male) |
| 14:39 | Build | Palisade Wall |
| 15:08 | Queue | Villager (Male) |
| 15:16 | Build | Palisade Wall |
| 15:20 | Queue | Villager (Male) |
| 15:23 | Build | Mining Camp |
| 15:26 | Build | Watch Tower |
| 15:37 | Build | House |
| 15:45 | Queue | Villager (Male) |
| 15:53 | Queue | Spearman |
| 16:22 | Build | House |
| 16:24 | Queue | Villager (Male) |
| 16:44 | Build | Archery Range |
| 16:48 | Queue | Villager (Male) |
| 17:06 | Build | House |
| 17:10 | Queue | Villager (Male) |
| 17:40 | Queue | Villager (Male) |
| 17:45 | Build | Farm |
| 17:46 | Build | Farm |
| 17:47 | Build | Farm |
| 17:50 | Queue | Skirmisher |
| 17:50 | Queue | Skirmisher |
| 18:00 | Build | House |
| 18:13 | Queue | Villager (Male) |
| 18:32 | Queue | Skirmisher |
| 19:01 | Build | House |
| 19:02 | Build | House |
| 19:09 | Queue | Villager (Male) |
| 19:13 | Build | Blacksmith |
| 19:27 | Build | House |
| 19:28 | Build | House |
| 19:31 | Build | House |
| 19:35 | Build | House |
| 19:37 | Build | House |
| 19:42 | Research | Castle Age |
| 19:43 | Research | Castle Age |
| 19:50 | Queue | Spearman |
| 19:50 | Queue | Spearman |
| 20:04 | Queue | Spearman |
| 20:19 | Queue | Villager (Male) |
| 21:03 | Build | Archery Range |
| 21:16 | Build | Farm |
| 21:21 | Queue | Villager (Male) |
| 21:32 | Queue | Spearman |
| 21:32 | Queue | Spearman |
| 21:38 | Research | Padded Archer Armor |
| 22:22 | Age | Castle Age |
| 22:27 | Queue | Cavalry Archer |
| 22:27 | Queue | Cavalry Archer |
| 22:28 | Research | Fletching |
| 22:39 | Build | House |
| 22:54 | Queue | Cavalry Archer |
| 22:54 | Queue | Cavalry Archer |
| 23:03 | Research | Bodkin Arrow |
| 23:10 | Build | Farm |
| 23:12 | Queue | Cavalry Archer |
| 23:12 | Queue | Cavalry Archer |
| 23:22 | Build | Town Center |
| 23:28 | Queue | Cavalry Archer |
| 23:28 | Queue | Cavalry Archer |
| 23:36 | Queue | Spearman |
| 23:36 | Queue | Spearman |
Match timeline
| 4:42 | adjectivenoun · first_building Barracks |
| 6:34 | King of Puchi · wall_segment Palisade Wall x1 |
| 6:35 | King of Puchi · wall_segment Palisade Wall x1 |
| 7:29 | King of Puchi · first_building Barracks |
| 8:02 | King of Puchi · wall_segment Palisade Wall x1 |
| 8:26 | King of Puchi · wall_segment Palisade Wall x1 |
| 9:04 | King of Puchi · wall_segment Palisade Wall x1 |
| 9:05 | King of Puchi · wall_segment Palisade Wall x1 |
| 9:11 | King of Puchi · wall_segment Palisade Wall x1 |
| 9:27 | King of Puchi · age_up feudal |
| 10:07 | adjectivenoun · age_up feudal |
| 10:13 | adjectivenoun · first_building Stable |
| 11:37 | adjectivenoun · first_building Archery Range |
| 11:38 | King of Puchi · wall_segment Palisade Wall x8 |
| 11:39 | adjectivenoun · wall_segment Palisade Wall x1 |
| 11:40 | adjectivenoun · wall_segment Palisade Wall x1 |
| 11:41 | adjectivenoun · wall_segment Palisade Wall x1 |
| 11:59 | adjectivenoun · wall_segment Palisade Wall x9 |
| 12:03 | King of Puchi · wall_segment Palisade Wall x4 |
| 12:06 | King of Puchi · wall_segment Palisade Wall x14 |
| 14:11 | adjectivenoun · wall_segment Palisade Wall x1 |
| 14:12 | adjectivenoun · wall_segment Palisade Wall x1 |
| 14:39 | King of Puchi · wall_segment Palisade Wall x19 |
| 15:16 | King of Puchi · wall_segment Palisade Wall x11 |
| 15:45 | adjectivenoun · wall_segment Palisade Wall x5 |
| 16:02 | adjectivenoun · wall_segment Palisade Wall x11 |
| 16:44 | King of Puchi · first_building Archery Range |
| 20:11 | adjectivenoun · wall_segment Palisade Wall x6 |
| 22:22 | King of Puchi · age_up castle |
| 25:35 | adjectivenoun · age_up castle |
| 28:00 | adjectivenoun · wall_segment Palisade Wall x1 |
| 28:12 | King of Puchi · first_building Stable |
| 30:55 | adjectivenoun · wall_segment Palisade Wall x8 |
| 32:30 | King of Puchi · resign |
[ AI ANALYSIS · 1 CREDIT ]
What really happened in this match?
Wolo.gg analyzes every decision: build order, eco, micro, common mistakes by bracket. Personalized analysis on WhatsApp or Discord in 30 seconds.
Civ guide
Poles
Perfil
adjectivenoun